 Dungeon Sprint DCSS version 0.18-a0-1788-g92de1ac (webtiles) character file.

555847 Kidiri the Gargoyle Barricade (level 23, -2/175 HPs)
             Began as a Gargoyle Fighter on Apr 19, 2016.
             Was the Champion of the Shining One.
             Slain by Ereshkigal (14 damage)
             ... while paralysed by Ereshkigal
             ... in the Dungeon (Sprint IX: "|||||||||||||||||||||||||||||") on Apr 20, 2016.
             The game lasted 01:11:48 (13211 turns).

Kidiri the Gargoyle Barricade (Gargoyle Fighter)   Turns: 13211, Time: 01:11:49

Health: -2/175     AC: 53    Str: 40    XL:     23   Next: 17%
Magic:  34/42      EV:  2    Int: 12    God:    the Shining One [******]
Gold:   656        SH:  0    Dex: 19    Spells: 0 memorised, 52 levels left

rFire  . . .     SeeInvis +     a - +9 morningstar (holy)
rCold  + . .     Gourm    .     V - +0 plate armour of Calculation {Regen+ Dex+5}
rNeg   + + +     Faith    .     U - +1 large shield
rPois  ∞         Spirit   .     g - +1 hat {SInv}
rElec  +         Dismiss  .     p - +1 cloak
rCorr  +         Reflect  +     G - +1 pair of gloves {Str+3}
rMut   +         Harm     .     b - +0 pair of boots {run}
SustAt .         NoTele   +     H - +4 amulet of reflection
MR     +....                    r - +3 ring of strength
Stlth  ++........               s - +2 ring of protection

@: paralysed, mighty, agile, divine shield, resistant, fire vulnerable, glowing,
silenced, quick, somewhat resistant to hostile enchantments, unstealthy
A: big wings, horns 1, slimy green scales 1, clever 1, deterioration 1, mutation
resistance 3, negative energy resistance 1, electricity resistance, unbreathing,
petrification resistance, rot immunity, AC +17
a: Fly, Renounce Religion
}: 9/15 runes: decaying, serpentine, barnacled, slimy, elven, silver, golden,
abyssal, gossamer


You were in the Dungeon.
You worshipped the Shining One.
The Shining One was exalted by your worship.
You were not hungry.

You visited 1 branch You collected 1993 gold pieces.
You spent 1337 gold pieces at shops.

Inventory:

Hand Weapons
 a - a +9 morningstar of holy wrath (weapon)
Missiles
 t - 17 steel javelins
 Q - 5 javelins of returning
 S - 11 javelins (quivered)
Armour
 b - a +0 pair of boots of running (worn)
 g - a +1 hat of see invisible (worn)
 p - a +1 cloak (worn)
 G - a +1 pair of gloves of strength (worn)
 U - a +1 large shield (worn)
 V - the +0 plate armour of Calculation (worn) {Regen+ Dex+5}
   (Okawaru gifted it to you in the Dungeon)

   It affects your dexterity (+5).
   It increases your rate of regeneration.
Jewellery
 r - a +3 ring of strength (right hand)
 s - a +2 ring of protection (left hand)
 H - a +4 amulet of reflection (around neck)
Wands
 o - a wand of lightning (2/15)
 u - a wand of hasting (5/9)
 z - a wand of iceblast (8/15)
 Y - a wand of iceblast (11/15)
Scrolls
 m - 7 scrolls of remove curse
 n - 2 scrolls of amnesia
 q - 9 scrolls of enchant weapon
 A - a scroll of recharging
 K - 3 scrolls of fog
Potions
 c - a potion of flight
 d - a potion of might
 e - 2 potions of curing
 h - 3 potions of haste
 i - 4 potions of magic
 l - a potion of berserk rage
 v - 2 potions of agility
 w - 3 potions of cure mutation
 x - a potion of brilliance
 M - a potion of ambrosia
Comestibles
 C - 12 bread rations
 D - 12 meat rations


   Skills:
 O Level 27 Fighting
 O Level 27 Maces & Flails
 O Level 27 Throwing
 O Level 27 Armour
 O Level 27 Dodging
 + Level 19.1 Stealth
 O Level 27 Shields
 + Level 16.5 Unarmed Combat
 + Level 15.4 Spellcasting
 O Level 27 Invocations
 O Level 27 Evocations


You had 52 spell levels left.
You didn't know any spells.

Dungeon Overview and Level Annotations

Branches:
Dungeon (1/1)

Altars:
Cheibriados
Dithmenos
Elyvilon
Fedhas
Gozag
Kikubaaqudgha
Makhleb
Nemelex Xobeh
Okawaru
Pakellas
Qazlal
Ru
Sif Muna
Trog
Vehumet
Xom
Yredelemnul
Zin
The Shining One
Beogh
Jiyva
Lugonu

Shops:
D ::!=

Annotations:
D Asmodeus, Ereshkigal


Innate Abilities, Weirdness & Mutations

You are resistant to torment.
Your stone body is resilient (AC +17).
You are immune to poison.
Your large and strong wings let you fly indefinitely.
You resist negative energy.
You are resistant to electric shocks.
You can survive without breathing.
You are immune to petrification.
You are immune to rotting.
You have a pair of small horns on your head.
You are partially covered in slimy green scales (AC +2).
Your mind is acute. (Int +2)
Your body sometimes deteriorates upon taking damage.
You are almost entirely resistant to further mutation and mutation removal.


Message History

Ereshkigal gestures at you.
Helpless, you fail to dodge the bolt of cold.
You resist.
* * * LOW HITPOINT WARNING * * *
The bolt of cold hits the frost giant.
The frost giant resists.
The bolt of cold hits your angel.
The frost giant hits your angel with a battleaxe of freezing.
The frost giant freezes your angel.
The frost giant hits you but does no damage.
Your angel hits the frost giant with a sacred scourge of holy wrath!
The frost giant dies!
Ereshkigal hits you!
* * * LOW HITPOINT WARNING * * *
Ereshkigal hits you but does no damage.
Ereshkigal gestures.
Ereshkigal's surroundings become eerily quiet.
The blizzard demon is engulfed in roaring flames.
Ereshkigal hits you but does no damage. Ereshkigal hits you!
You die...

))..)).)))....'..................
▓▓▓▓▓▓▓▓▓▓▓▓▓▓▓▓▓▓▓▓▓▓▓▓▓▓▓▓▓▓▓▓▓
.................................
▓▓▓▓▓▓▓▓▓▓▓▓▓▓▓▓▓▓▓▓▓▓▓▓▓▓▓▓▓▓▓▓▓
.'.........'.........'...........
▓▓▓▓▓▓▓▓▓▓▓▓▓▓▓▓▓▓▓▓▓▓▓▓▓▓▓▓▓▓▓▓▓
.................................
▓▓▓▓▓▓▓▓▓▓▓▓▓▓▓▓▓▓▓▓▓▓▓▓▓▓▓▓▓▓▓▓▓
...............A@&2&§φ§.
▓▓▓▓▓▓▓▓▓▓▓▓▓▓▓▓▓▓▓▓▓▓▓▓


You could see Asmodeus, Ereshkigal, a blizzard demon and a friendly angel.

Vanquished Creatures
  Cerebov (D)
  the Royal Jelly (D)
  8 ancient liches (D)
  2 orbs of fire (D)
  Mennas (D)
  8 greater mummies (D)
  Boris (D)
  Saint Roka (D)
  Margery (D)
  Frederick (D)
  Geryon (D)
  Nikola (D)
  3 Killer Klowns (D)
  2 golden dragons (D)
  Xtahua (D)
  4 electric golems (D)
  4 tentacled monstrosities (D)
  8 deep elf blademasters (D)
  2 titans (D)
  27 Orb Guardians (D)
  3 liches (D)
  Rupert (D)
  15 acid blobs (D)
  2 death cobs (D)
  11 sphinxes (D)
  4 storm dragons (D)
  Agnes (D)
  7 shadow dragons (D)
  A draconian monk (D)
  Ilsuiw (D)
  5 greater nagas (D)
  8 azure jellies (D)
  A vault warden (D)
  An orc warlord (D)
  A deep elf sorcerer (D)
  A draconian zealot (D)
  5 ghost moths (D)
  A draconian scorcher (D)
  Louise (D)
  An ironheart preserver (D)
  3 emperor scorpions (D)
  2 frost giants (D)
  2 draconian shifters (D)
  A very ugly thing (D)
  A draconian caller (D)
  9 stone giants (D)
  A draconian annihilator (D)
  7 vampire knights (D)
  A war gargoyle (D)
  4 deep elf demonologists (D)
  3 green draconians (D)
  A mottled draconian (D)
  2 black draconians (D)
  A salamander stormcaller (D)
  A white draconian (D)
  A spark wasp (shapeshifter) (D)
  A red draconian (D)
  4 yellow draconians (D)
  3 merfolk javelineers (D)
  5 ettins (D)
  5 merfolk impalers (D)
  3 mummy priests (D)
  Snorg (D)
  10 fire dragons (D)
  2 yaktaur captains (D)
  A minotaur (D)
  10 death oozes (D)
  25 vault guards (D)
  A deep elf high priest (D)
  An entropy weaver (D)
  3 naga warriors (D)
  12 ice dragons (D)
  7 hydras (D)
  A rakshasa (D)
  A spriggan air mage (D)
  An anaconda (D)
  A death knight (D)
  4 centaur warriors (D)
  2 ogre magi (D)
  A satyr (D)
  A ghost crab (D)
  A death yak (D)
  3 merfolk aquamancers (D)
  3 merfolk avatars (D)
  A deep troll earth mage (D)
  A vampire mage (D)
  8 orc high priests (D)
  2 shock serpents (D)
  3 hell knights (D)
  Nergalle (D)
  2 large abominations (D)
  3 deep elf knights (D)
  A wretched star (D)
  A sea snake (D)
  A death drake (shapeshifter) (D)
  A salamander mystic (D)
  A spriggan druid (D)
  A fire crab (D)
  An unseen horror (D)
  A shambling mangrove (D)
  4 swamp dragons (D)
  2 deep elf archers (D)
  4 hill giants (D)
  A phantasmal warrior (D)
  5 ironbrand convokers (D)
  3 necromancers (D)
  An orc sorcerer (D)
  A wolf spider (D)
  8 orc knights (D)
  A cyclops (D)
  2 ugly things (D)
  3 deep elf magi (D)
  7 moths of wrath (D)
  A hornet (D)
  3 black mambas (D)
  2 vault sentinels (D)
  2 naga magi (D)
  An elephant (shapeshifter) (D)
  2 sirens (D)
  3 spiny frogs (D)
  5 guardian serpents (D)
  A rust devil (D)
  2 komodo dragons (D)
  17 guardian mummies (D)
  2 demonic crawlers (D)
  2 yaktaurs (D)
  A hellwing (D)
  9 merfolk (D)
  A wandering mushroom (D)
  2 trolls (D)
  2 giant leeches (D)
  5 jumping spiders (D)
  A wind drake (D)
  A slime creature (D)
  2 bog bodies (D)
  2 boulder beetles (D)
  3 blink frogs (D)
  A tarantella (D)
  2 redbacks (D)
  11 spriggans (D)
  2 yaks (D)
  A ynoxinul (D)
  Grum (D)
  A wraith (D)
  A chaos spawn (D)
  3 hippogriffs (D)
  2 golden eyes (D)
  2 hungry ghosts (D)
  2 vampire mosquitoes (D)
  A mottled dragon (D)
  A warg (D)
  A naga (D)
  A giant eyeball (D)
  2 water moccasins (D)
  An eye of draining (D)
  12 orc warriors (D)
  A wasp (D)
  A swamp drake (D)
  A necrophage (D)
  3 wolves (D)
  2 centaurs (D)
  4 crocodiles (D)
  A big kobold (D)
  5 giant frogs (D)
  A wight (D)
  3 crimson imps (D)
  A hound (D)
  A jelly (D)
  5 orc wizards (D)
  3 orc priests (D)
  An adder (D)
  A shadow imp (D)
  An ufetubus (D)
  2 adder skeletons (D)
  An adder simulacrum (D)
  A dart slug (D)
  A giant gecko (D)
  8 orcs (D)
  A ball python (D)
  A bat zombie (D)
  A giant cockroach (D)
  A kobold (D)
  A quokka (D)
  A ball python zombie (D)
  A giant gecko zombie (D)
  A fire vortex (D)
549 creatures vanquished.

Vanquished Creatures (collateral kills)
  A frost giant (D)
1 creature vanquished.

Vanquished Creatures (others)
  2 deep elf master archers (D)
  2 sphinxes (D)
  A centaur warrior (D)
  A wolf spider (D)
  A merfolk (D)
  An insubstantial wisp (D)
8 creatures vanquished.

Grand Total: 558 creatures vanquished

Notes
Turn   | Place    | Note
--------------------------------------------------------------
     0 | D        | Kidiri the Gargoyle Fighter began the quest for the Orb.
     0 | D        | Reached XP level 1. HP: 14/14 MP: 1/1
    24 | D        | Reached skill level 1 in Dodging
    31 | D        | Reached XP level 2. HP: 16/20 MP: 2/2
    85 | D        | Noticed a crimson imp
    85 | D        | Noticed a necrophage
    85 | D        | Noticed a crimson imp
   104 | D        | Killed a crimson imp
   104 | D        | Reached XP level 3. HP: 22/25 MP: 3/3
   111 | D        | Killed a necrophage
   111 | D        | Reached skill level 5 in Fighting
   111 | D        | Reached skill level 5 in Armour
   111 | D        | Reached skill level 5 in Shields
   111 | D        | Reached XP level 4. HP: 22/32 MP: 4/4
   111 | D        | Reached XP level 5. HP: 25/36 MP: 5/5
   139 | D        | Reached skill level 5 in Maces & Flails
   153 | D        | Found a glowing silver altar of Zin.
   153 | D        | Found a glowing golden altar of the Shining One.
   153 | D        | Found an ancient bone altar of Kikubaaqudgha.
   153 | D        | Found a basalt altar of Yredelemnul.
   153 | D        | Found a shimmering altar of Xom.
   153 | D        | Found a radiant altar of Vehumet.
   154 | D        | Found an iron altar of Okawaru.
   155 | D        | Found a burning altar of Makhleb.
   156 | D        | Found a deep blue altar of Sif Muna.
   157 | D        | Found a bloodstained altar of Trog.
   158 | D        | Found a sparkling altar of Nemelex Xobeh.
   159 | D        | Found a white marble altar of Elyvilon.
   160 | D        | Found a roughly hewn altar of Beogh.
   161 | D        | Found a viscous altar of Jiyva.
   162 | D        | Became a worshipper of Warmaster Okawaru
   163 | D        | Found a corrupted altar of Lugonu.
   164 | D        | Found a blossoming altar of Fedhas.
   165 | D        | Found a snail-covered altar of Cheibriados.
   166 | D        | Found a shadowy altar of Dithmenos.
   167 | D        | Found a stormy altar of Qazlal.
   168 | D        | Found an opulent altar of Gozag.
   169 | D        | Found a sacrificial altar of Ru.
   170 | D        | Found an oddly glowing altar of Pakellas.
   272 | D        | Noticed a big kobold
   272 | D        | Noticed a centaur
   296 | D        | Killed an unseen horror
   296 | D        | Reached * piety under Okawaru
   296 | D        | Reached ** piety under Okawaru
   296 | D        | Reached skill level 5 in Dodging
   296 | D        | Reached XP level 6. HP: 36/45 MP: 5/8
   296 | D        | Reached XP level 7. HP: 40/50 MP: 5/9
   298 | D        | Reached XP level 8. HP: 45/56 MP: 5/11
   363 | D        | Noticed a hill giant
   363 | D        | Noticed a brown ugly thing
   388 | D        | Reached *** piety under Okawaru
   393 | D        | Killed a hill giant
   393 | D        | Reached skill level 5 in Invocations
   397 | D        | Killed a brown ugly thing
   397 | D        | Reached **** piety under Okawaru
   397 | D        | Reached skill level 10 in Fighting
   397 | D        | Reached skill level 10 in Armour
   397 | D        | Reached skill level 10 in Shields
   397 | D        | Reached XP level 9. HP: 63/63 MP: 10/13
   409 | D        | Gained mutation: You are partially covered in slimy green scales (AC +2). [mutagenic meat]
   410 | D        | Gained mutation: Your magical capacity is low (-10% MP). [mutagenic meat]
   411 | D        | Gained mutation: You are somewhat resistant to further mutation. [mutagenic meat]
   412 | D        | Gained mutation: You are clumsy. (Dex -2) [mutagenic meat]
   638 | D        | Noticed a komodo dragon
   652 | D        | Killed a komodo dragon
   673 | D        | Reached ***** piety under Okawaru
   675 | D        | Reached skill level 10 in Maces & Flails
   820 | D        | Noticed a death yak
   825 | D        | Killed a death yak
   825 | D        | Reached XP level 10. HP: 50/70 MP: 5/13
   835 | D        | Noticed a black mamba
   852 | D        | Killed a black mamba
   979 | D        | Noticed a spiny frog
   979 | D        | Noticed a spiny frog
   986 | D        | Received a gift from Okawaru
   996 | D        | Killed a spiny frog
  1021 | D        | Killed a spiny frog
  1192 | D        | Reached XP level 11. HP: 55/76 MP: 14/14
  1338 | D        | Noticed an orc knight
  1338 | D        | Noticed an orc knight
  1342 | D        | Noticed an orc sorcerer
  1351 | D        | Killed an orc knight
  1357 | D        | Killed an orc knight
  1373 | D        | Killed an orc sorcerer
  1379 | D        | Reached skill level 10 in Dodging
  1467 | D        | Found Kixti's Book Emporium.
  1467 | D        | Noticed an orc knight
  1467 | D        | Noticed an orc high priest
  1467 | D        | Noticed an orc knight
  1467 | D        | Noticed an orc high priest
  1467 | D        | Noticed an orc high priest
  1469 | D        | Noticed an orc knight
  1477 | D        | Noticed a soul eater
  1480 | D        | Killed an orc knight
  1484 | D        | Noticed a soul eater
  1485 | D        | Killed an orc high priest
  1487 | D        | Noticed an orc knight
  1488 | D        | Noticed a soul eater
  1492 | D        | Killed an orc knight
  1493 | D        | Found Zudach's Book Shoppe.
  1496 | D        | Killed an orc high priest
  1514 | D        | Found Ohuitua's Distillery.
  1517 | D        | Killed an orc high priest
  1523 | D        | Killed an orc knight
  1524 | D        | Noticed an orc high priest
  1533 | D        | Killed an orc knight
  1538 | D        | Found Buyqef's Jewellery Shoppe.
  1538 | D        | Noticed a sixfirhy
  1539 | D        | Noticed an orc high priest
  1543 | D        | Noticed an orc high priest
  1545 | D        | Killed an orc high priest
  1545 | D        | Received a gift from Okawaru
  1554 | D        | Killed an orc high priest
  1554 | D        | Reached XP level 12. HP: 41/85 MP: 13/16
  1555 | D        | Noticed an orc high priest
  1559 | D        | Killed an orc high priest
  1559 | D        | Reached ****** piety under Okawaru
  1561 | D        | Noticed an orc high priest
  1621 | D        | Killed an orc high priest
  1621 | D        | Received a gift from Okawaru
  1623 | D        | Killed an orc high priest
  1634 | D        | Got a bloodstained chain mail {god gift}
  1645 | D        | Identified the +0 chain mail of Vuqefy {*Drain rF++ SInv} (Okawaru gifted it to you in the Dungeon)
  1945 | D        | Bought a potion of curing for 39 gold pieces
  1945 | D        | Bought a potion of experience for 650 gold pieces
  1945 | D        | Bought a potion of heal wounds for 65 gold pieces
  1945 | D        | Bought a potion of curing for 39 gold pieces
  1945 | D        | Bought a potion of heal wounds for 65 gold pieces
  1945 | D        | Bought a potion of mutation for 32 gold pieces
  1945 | D        | Gained mutation: You have a pair of small horns on your head. [potion of mutation]
  1945 | D        | Gained mutation: You are somewhat resistant to both further mutation and mutation removal. [potion of mutation]
  1945 | D        | Gained mutation: You tend to lose your temper in combat. [potion of mutation]
  1946 | D        | Reached XP level 13. HP: 91/91 MP: 18/18
  1950 | D        | Bought a +3 ring of strength for 172 gold pieces
  1950 | D        | Bought a +4 amulet of reflection for 275 gold pieces
  2115 | D        | Noticed Grum
  2124 | D        | Killed Grum
  2268 | D        | Reached skill level 15 in Fighting
  2271 | D        | Noticed a stone giant
  2273 | D        | Reached skill level 15 in Armour
  2273 | D        | Reached skill level 15 in Shields
  2274 | D        | Noticed an ettin
  2275 | D        | Noticed a stone giant
  2284 | D        | Killed a stone giant
  2284 | D        | Reached skill level 10 in Invocations
  2291 | D        | Killed a stone giant
  2293 | D        | Killed an ettin
  2330 | D        | Gained mutation: Your body sometimes deteriorates upon taking damage. [mutagenic meat]
  2439 | D        | Noticed an entropy weaver
  2476 | D        | Killed an entropy weaver
  2538 | D        | Noticed a merfolk impaler
  2550 | D        | Killed a merfolk impaler
  2562 | D        | Received a gift from Okawaru
  2567 | D        | Gained mutation: Your large and strong wings let you fly indefinitely. [Gargoyle growth]
  2567 | D        | Reached XP level 14. HP: 55/100 MP: 13/19
  2752 | D        | Reached skill level 15 in Maces & Flails
  2758 | D        | Noticed a greater naga
  2759 | D        | Reached skill level 1 in Throwing
  2778 | D        | Received a gift from Okawaru
  2786 | D        | Killed a greater naga
  3158 | D        | Noticed a sphinx
  3173 | D        | Received a gift from Okawaru
  3176 | D        | Killed a sphinx
  3177 | D        | Noticed a stone giant
  3190 | D        | Noticed a stone giant
  3197 | D        | Killed a stone giant
  3197 | D        | Reached skill level 5 in Throwing
  3198 | D        | Noticed a lich
  3211 | D        | Noticed a stone giant
  3216 | D        | Killed a stone giant
  3226 | D        | Killed a lich
  3226 | D        | Received a gift from Okawaru
  3226 | D        | Reached XP level 15. HP: 49/109 MP: 15/20
  3234 | D        | Received a gift from Okawaru
  3235 | D        | Got an encrusted flail {god gift}
  3245 | D        | Identified the +2 flail "Urghaugh" {holy, *Rage rF+ Int+6} (Okawaru gifted it to you in the Dungeon)
  3488 | D        | Noticed a vault warden
  3530 | D        | Killed a vault warden
  3530 | D        | Reached skill level 15 in Dodging
  3546 | D        | Lost mutation: Your magical capacity is low (-10% MP). [mutagenic meat]
  3884 | D        | Noticed an orc warlord
  3897 | D        | Killed an orc warlord
  3897 | D        | Received a gift from Okawaru
  3963 | D        | Noticed Xtahua
  3979 | D        | Killed Xtahua
  4279 | D        | Noticed Snorg
  4290 | D        | Killed Snorg
  4570 | D        | Noticed Margery
  4581 | D        | Killed Margery
  4643 | D        | Noticed Rupert
  4643 | D        | Paralysed by Rupert for 5 turns
  4662 | D        | Killed Rupert
  4728 | D        | Noticed a greater naga
  4728 | D        | Noticed a greater naga
  4729 | D        | Noticed a greater naga
  4739 | D        | Killed a greater naga
  4744 | D        | Noticed a greater naga
  4753 | D        | Killed a greater naga
  4753 | D        | Received a gift from Okawaru
  4756 | D        | Killed a greater naga
  4756 | D        | Reached XP level 16. HP: 100/120 MP: 19/24
  4762 | D        | Killed a greater naga
  4767 | D        | Received a gift from Okawaru
  4791 | D        | Received a gift from Okawaru
  4795 | D        | Got a serpentine rune of Zot
  4796 | D        | Got an ichor-stained morningstar {god gift}
  4797 | D        | Identified the +3 morningstar of Untimely Demise {flame, *Corrode Str+5 Dex+5} (Okawaru gifted it to you in the Dungeon)
  4922 | D        | Got a gossamer rune of Zot
  4943 | D        | Lost mutation: You tend to lose your temper in combat. [mutagenic meat]
  4946 | D        | Lost mutation: You are clumsy. (Dex -2) [mutagenic meat]
  4947 | D        | Gained mutation: Your mind is acute. (Int +2) [mutagenic meat]
  4951 | D        | Gained mutation: You are almost entirely resistant to further mutation and mutation removal. [mutagenic meat]
  5263 | D        | Reached skill level 10 in Throwing
  5280 | D        | Got a decaying rune of Zot
  5312 | D        | Noticed Ilsuiw
  5325 | D        | Received a gift from Okawaru
  5347 | D        | Killed Ilsuiw
  5367 | D        | Received a gift from Okawaru
  5392 | D        | Got a barnacled rune of Zot
  5463 | D        | Noticed Nergalle
  5469 | D        | Killed Nergalle
  5496 | D        | Noticed Agnes
  5502 | D        | Killed Agnes
  5563 | D        | Received a gift from Okawaru
  5593 | D        | Reached XP level 17. HP: 128/128 MP: 20/25
  5677 | D        | Received a gift from Okawaru
  5708 | D        | Received a gift from Okawaru
  5843 | D        | Received a gift from Okawaru
  6106 | D        | Noticed an ancient lich
  6106 | D        | Noticed a titan
  6110 | D        | Noticed a tentacled monstrosity
  6115 | D        | Killed an ancient lich
  6115 | D        | Received a gift from Okawaru
  6129 | D        | Killed a titan
  6142 | D        | Killed a tentacled monstrosity
  6173 | D        | Reached XP level 18. HP: 91/140 MP: 26/26
  6184 | D        | Got a flickering lead amulet
  6206 | D        | Identified the amulet of Cuorchuo {Dismiss Dex+2} (You found it in the Dungeon)
  6212 | D        | Got an ancient zirconium amulet
  6213 | D        | Identified the amulet of the Sun {Gourm +Inv rN+++ MR+ Int-3} (You found it in the Dungeon)
  6215 | D        | Identified the Disquisition on Toxic Good Luck
  6219 | D        | Got a silver rune of Zot
  6377 | D        | Noticed Frederick
  6379 | D        | Noticed Mennas
  6387 | D        | Killed Frederick
  6437 | D        | Killed Mennas
  6474 | D        | Noticed Nikola
  6477 | D        | Noticed Louise
  6480 | D        | Killed Nikola
  6480 | D        | Received a gift from Okawaru
  6493 | D        | Killed Louise
  6512 | D        | Got a steaming plate armour {god gift}
  6523 | D        | Identified the +0 plate armour of Calculation {Regen+ Dex+5} (Okawaru gifted it to you in the Dungeon)
  6569 | D        | Got the amulet of Gianedwu {Faith rPois MR+ Str+3 Int+3}
  6582 | D        | Got the ring "Ruolotul" {Wiz rF++ Dex-2}
  6584 | D        | Got the ring "Garin" {*Confuse rPois Str+3 Slay+3}
  6586 | D        | Got the ring of Moud {Int+4 Slay+3}
  6588 | D        | Got the amulet "Feaholax" {Dismiss +Blink rC++ Int-4 Dex+4}
  6629 | D        | Identified a +0 pair of boots of running (You found it in the Dungeon)
  6702 | D        | Noticed Saint Roka
  6715 | D        | Killed Saint Roka
  6783 | D        | Noticed Boris
  6791 | D        | Killed Boris
  6869 | D        | Noticed a golden dragon
  6900 | D        | Killed a golden dragon
  8299 | D        | Fell from the grace of Okawaru
  8299 | D        | Became a worshipper of the Shining One
  9650 | D        | Noticed a tentacled monstrosity
  9650 | D        | Reached * piety under the Shining One
  9650 | D        | Noticed a tentacled monstrosity
  9657 | D        | Reached ** piety under the Shining One
  9665 | D        | Killed a tentacled monstrosity
  9672 | D        | Killed a tentacled monstrosity
  9749 | D        | Reached *** piety under the Shining One
  9755 | D        | Reached **** piety under the Shining One
  9921 | D        | Noticed an electric golem
  9921 | D        | Reached ***** piety under the Shining One
  9922 | D        | Noticed a Killer Klown
  9925 | D        | Reached skill level 15 in Throwing
  9925 | D        | Reached XP level 19. HP: 149/149 MP: 24/27
  9947 | D        | Killed an electric golem
  9949 | D        | Killed a Killer Klown
  9995 | D        | Noticed a tentacled monstrosity
  9995 | D        | Reached ****** piety under the Shining One
  9995 | D        | Noticed a Killer Klown
 10008 | D        | Killed a tentacled monstrosity
 10008 | D        | Reached skill level 27 in Fighting
 10008 | D        | Reached skill level 27 in Shields
 10011 | D        | Reached skill level 27 in Armour
 10027 | D        | Killed a Killer Klown
 10157 | D        | Identified a +9 morningstar of holy wrath (a +9 morningstar of crushing blessed by the Shining One)
 10157 | D        | Received a gift from the Shining One
 10207 | D        | Reached skill level 27 in Maces & Flails
 10304 | D        | Noticed an ancient lich
 10310 | D        | Killed an ancient lich
 10310 | D        | Reached XP level 20. HP: 157/157 MP: 25/28
 10313 | D        | Noticed an orb of fire
 10327 | D        | Killed an orb of fire
 10477 | D        | Noticed an electric golem
 10482 | D        | Killed an electric golem
 10536 | D        | Noticed a golden dragon
 10536 | D        | Noticed an ancient lich
 10536 | D        | Noticed an ancient lich
 10538 | D        | Noticed an orb of fire
 10540 | D        | Killed an ancient lich
 10545 | D        | Killed an ancient lich
 10546 | D        | Noticed an electric golem
 10562 | D        | Killed an orb of fire
 10562 | D        | Reached skill level 27 in Dodging
 10563 | D        | Noticed a Killer Klown
 10565 | D        | Killed a golden dragon
 10566 | D        | Noticed an ancient lich
 10579 | D        | Noticed an ancient lich
 10606 | D        | Killed an electric golem
 10609 | D        | Killed an ancient lich
 10613 | D        | Killed an ancient lich
 10641 | D        | Killed a Killer Klown
 10653 | D        | Noticed an electric golem
 10674 | D        | Noticed a golden dragon
 10681 | D        | Killed an electric golem
 10839 | D        | Reached skill level 27 in Throwing
 10860 | D        | Reached skill level 15 in Invocations
 10872 | D        | Reached XP level 21. HP: 163/163 MP: 31/33
 11092 | D        | Noticed an ancient lich
 11100 | D        | Noticed an ancient lich
 11103 | D        | Killed an ancient lich
 11121 | D        | Killed an ancient lich
 11282 | D        | Reached skill level 27 in Invocations
 11305 | D        | Reached skill level 10 in Evocations
 11337 | D        | Noticed a Tzitzimitl
 11359 | D        | Got an elven rune of Zot
 11434 | D        | Reached skill level 15 in Evocations
 11596 | D        | Noticed the Royal Jelly
 11619 | D        | Paralysed by a giant eyeball for 3 turns
 11632 | D        | Paralysed by a giant eyeball for 2 turns
 11702 | D        | Killed the Royal Jelly
 11702 | D        | Reached XP level 22. HP: 51/169 MP: 24/39
 11716 | D        | HP: 6/169 [acid[the Royal Jelly] (13)]
 11873 | D        | Got a slimy rune of Zot
 12528 | D        | Noticed a greater mummy
 12542 | D        | Killed a greater mummy
 12583 | D        | Noticed a greater mummy
 12601 | D        | Reached skill level 27 in Evocations
 12601 | D        | Reached skill level 1 in Stealth
 12601 | D        | Reached skill level 1 in Unarmed Combat
 12601 | D        | Reached skill level 1 in Spellcasting
 12614 | D        | Killed a greater mummy
 12614 | D        | Reached skill level 5 in Unarmed Combat
 12773 | D        | Noticed a greater mummy
 12773 | D        | Noticed a greater mummy
 12773 | D        | Noticed a greater mummy
 12773 | D        | Noticed a greater mummy
 12779 | D        | Killed a greater mummy
 12788 | D        | Killed a greater mummy
 12788 | D        | Reached skill level 10 in Stealth
 12793 | D        | Noticed a greater mummy
 12813 | D        | Killed a greater mummy
 12813 | D        | Reached skill level 10 in Unarmed Combat
 12814 | D        | Killed a greater mummy
 12814 | D        | Reached skill level 10 in Spellcasting
 12816 | D        | Noticed a greater mummy
 12827 | D        | Killed a greater mummy
 12839 | D        | Killed a greater mummy
 12839 | D        | Reached skill level 15 in Stealth
 12854 | D        | Got a golden rune of Zot
 13012 | D        | Got an abyssal rune of Zot
 13136 | D        | Noticed Geryon
 13149 | D        | Killed Geryon
 13152 | D        | Noticed Cerebov
 13152 | D        | Noticed Ereshkigal
 13194 | D        | The Shining One protects you from harm!
 13200 | D        | Killed Cerebov
 13200 | D        | Reached skill level 15 in Spellcasting
 13200 | D        | Reached XP level 23. HP: 18/175 MP: 39/42
 13202 | D        | Paralysed by Ereshkigal for 2 turns
 13207 | D        | Noticed Asmodeus
 13207 | D        | Paralysed by Ereshkigal for 5 turns
 13211 | D        | Slain by Ereshkigal

Vault maps used:
D:        linesprint

Skill      XL: |  1  2  3  4  5  6  7  8  9 10 11 12 13 14 15 16 17 18 19 20 21 22 |
---------------+-------------------------------------------------------------------+-----
Dodging        | 1 2 3 5 6 7 8 9 10 11 12 14 16 17 19 21 25 27 | 27.0
Fighting       | 4 5 8 10 11 12 14 16 18 20 22 24 26 27 | 27.0
Armour         | 4 5 8 10 11 12 14 16 18 20 22 24 26 27 | 27.0
Shields        | 4 5 8 10 11 12 14 16 18 20 22 24 26 27 | 27.0
Maces & Flails | 3 4 7 9 10 11 13 14 16 18 20 22 24 27 | 27.0
Invocations    | 3 4 5 6 7 9 10 11 16 27 | 27.0
Throwing       | 5 8 11 13 15 19 27 | 27.0
Evocations     | 21 27 | 27.0
Stealth        | 19 | 19.1
Unarmed Combat | 16 | 16.5
Spellcasting   | 15 | 15.4

Action                   |  1- 3 |  4- 6 |  7- 9 | 10-12 | 13-15 | 16-18 | 19-21 | 22-24 || total
-------------------------+-------+-------+-------+-------+-------+-------+-------+-------++-------
Melee: Flail             |    47 |    20 |       |       |    35 |       |       |       ||   102
       Morningstar       |       |    18 |    77 |   235 |   401 |   634 |   673 |   257 ||  2295
       Headbutt          |       |       |       |       |   104 |   218 |   216 |    90 ||   628
Throw: Javelin           |       |       |       |     1 |    14 |   107 |    28 |     9 ||   159
       Tomahawk          |       |       |       |     1 |       |     3 |       |       ||     4
Invok: Heroism           |       |       |     4 |     5 |    19 |    12 |       |       ||    40
       Finesse           |       |       |     1 |     4 |    20 |    11 |       |       ||    36
       Divine Shield     |       |       |       |       |       |     3 |    14 |     9 ||    26
       Brand Weapon With |       |       |       |       |       |       |     1 |       ||     1
       Cleansing Flame   |       |       |       |       |       |       |     8 |    14 ||    22
       Summon Divine War |       |       |       |       |       |       |       |     1 ||     1
Evoke: Wand              |       |     2 |     1 |       |       |       |       |     2 ||     5
  Use: Potion            |     1 |     1 |       |     4 |     5 |     2 |    13 |    10 ||    36
       Scroll            |       |       |     7 |     2 |     1 |     8 |     4 |     2 ||    24
 Stab: Paralysed         |       |       |       |     1 |       |       |       |       ||     1
  Eat: Bread ration      |       |       |     1 |       |       |       |       |       ||     1
       Chunk             |       |       |     4 |     4 |     7 |    23 |     4 |     1 ||    43
       Fruit             |       |       |       |       |    28 |    12 |       |       ||    40
       Beef jerky        |       |       |       |       |       |     3 |       |       ||     3
       Meat ration       |       |       |       |       |       |       |     1 |     1 ||     2
Armor: Scale mail        |    20 |    27 |    16 |    15 |       |       |       |       ||    78
       Plate armour      |       |       |       |    18 |   108 |   133 |   135 |    31 ||   425
Dodge: Dodged            |    11 |    10 |    31 |    29 |    64 |   149 |   156 |    38 ||   488
Block: Shield            |    25 |    19 |    37 |    45 |   223 |   278 |       |       ||   627
       Reflection        |       |       |       |       |    11 |     7 |    24 |     3 ||    45
       Large shield      |       |       |       |       |       |   138 |   873 |   321 ||  1332
